 Dungeon Crawl Stone Soup version 0.24-a0-640-ge7cd8ce796 (webtiles) character file.

Game seed: 13474302460760788797, levelgen mode: deterministic

86 Dexcius the Firebug (level 4, -16/33 HPs)
             Began as a Hill Orc Fire Elementalist on Sept 24, 2019.
             Demolished by an ogre
             ... wielding a +0 giant club
              (29 damage)
             ... on level 3 of the Dungeon.
             The game lasted 00:18:30 (3163 turns).

Dexcius the Firebug (Hill Orc Fire Elementalist)    Turns: 3163, Time: 00:18:30

Health: -16/33     AC:  4    Str: 10    XL:     4   Next: 50%
Magic:  0/7        EV: 11    Int: 16    God:
Gold:   220        SH:  5    Dex: 11    Spells: 6/7 levels left

rFire    . . .     SeeInvis .   f - +0 dagger
rCold    . . .     Gourm    .   d - +2 buckler
rNeg     . . .     Faith    .   p - +0 robe
rPois    .         Spirit   .   (no helmet)
rElec    .         Reflect  .   (no cloak)
rCorr    .         Harm     .   (no gloves)
MR       .....                  (no boots)
Stlth    ++........             (no amulet)
HPRegen  0.11/turn              (no ring)
MPRegen  0.10/turn              (no ring)

@: very slightly contaminated
A: thin metallic scales 1, MP-powered wands
a: no special abilities


You were on level 3 of the Dungeon.
You were not hungry.

You visited 1 branch of the dungeon, and saw 4 of its levels.

You collected 220 gold pieces.

Inventory:

Hand Weapons
 f - a +0 dagger (weapon)
Armour
 d - a +2 buckler (worn)
 p - a +0 robe (worn)
Scrolls
 a - a scroll of amnesia
 b - a scroll of fog {unknown}
 e - a scroll of magic mapping {unknown}
 g - a scroll of fear {unknown}
 i - a scroll of enchant weapon {unknown}
 j - 5 scrolls of teleportation {unknown}
 k - 3 scrolls of random uselessness {unknown}
 n - a scroll of enchant armour {unknown}
 o - 6 scrolls of identify {unknown}
Potions
 h - a potion of heal wounds
 l - a potion of resistance {unknown}
 m - a potion of brilliance {unknown}
Comestibles
 c - 4 rations


   Skills:
 + Level 0.3 Fighting
 + Level 1.6 Dodging
 + Level 1.8 Stealth
 + Level 2.4 Spellcasting
 + Level 1.8 Conjurations
 + Level 4.3 Fire Magic


You had 6 spell levels left.
You knew the following spells:

 Your Spells              Type           Power        Failure   Level  Hunger
a - Flame Tongue          Conj/Fire      ##...        10%         1    #......

Your spell library contained the following spells:

 Spells                   Type           Power        Failure   Level  Hunger
 Throw Flame              Conj/Fire      ##....       14%         2    ###....
 Conjure Flame            Conj/Fire      ##......     28%         3    ###....
 Inner Flame              Hex/Fire       #.......     38%         3    ###....
 Sticky Flame             Conj/Fire      ##......     67%         4    #####..
 Fireball                 Conj/Fire      ##........   95%         5    ######.


Dungeon Overview and Level Annotations

Branches:
Dungeon (4/15)
 Temple: D:4-7

Altars:
Sif Muna

Annotations:
D:4 Menkaure, Sigmund


Innate Abilities, Weirdness & Mutations

You are partially covered in thin metallic scales. (AC +2)
You expend magic power (3 MP) to strengthen your wands.


Message History

Confirm with . or Enter, or press ? or * to list all spells.
Aiming: Flame Tongue (safe; 10% risk of failure)
Press: ? - help, Shift-Dir - straight line, f/p - ogre
Aim: an ogre, wielding a +0 giant club (severely wounded)
The flame tongue hits the ogre but does no damage.
The ogre is severely wounded.
The ogre hits you with a +0 giant club!!
Ouch! That really hurt!
Casting: Flame Tongue (safe; 10% risk of failure)
Confirm with . or Enter, or press ? or * to list all spells.
Aiming: Flame Tongue (safe; 10% risk of failure)
Press: ? - help, Shift-Dir - straight line, f/p - ogre
Aim: an ogre, wielding a +0 giant club (severely wounded)
You miscast Flame Tongue.
You hear a sizzling sound.
You hit the ogre.
The ogre is almost dead.
The ogre hits you with a +0 giant club!!
Ouch! That really hurt!
You die...

.#.###########.##.######.#######.
.#.# #.##.# #.(≈≈8≈≈†. .#.#
####.##.## #...≈†≈... ...#
#....#...# ###.....## #..#
#....#...# #######
...########....#...#
.#.#.......###.#...#
.#...#####.###.#O..#### ##...#
#.#....@.....# #...#
#.#.#.#......# #.#.##
#.#.#.#.....?# ##.#.(####.#
#.#...?..# .#.#.....#.#
#.#......# .#.#.......#
#.#...[..# .#.#....(###
#.######## <#.#.....### #.
##.#..#.)..#


You could see an ogre.

Vanquished Creatures
  2 adders
  An ooze (D:1)
  3 worms (D:2)
  A dart slug (D:3)
  4 leopard geckos
  An orc (D:3)
  2 bats
  7 giant cockroaches
  8 goblins
  2 hobgoblins (D:2)
  3 jackals (D:1)
  A quokka (D:2)
  6 frilled lizards
  A jackal skeleton (D:4)
  A kobold (D:1)
  5 rats
48 creatures vanquished.

Notes
Turn   | Place    | Note
-------+----------+-------------------------------------------
     0 | D:1      | Dexcius the Hill Orc Fire Elementalist began the quest for
                  | the Orb.
     0 | D:1      | Reached XP level 1. HP: 14/14 MP: 3/3
   310 | D:1      | Reached XP level 2. HP: 17/20 MP: 0/4
   858 | D:1      | Reached skill level 4 in Fire Magic
   913 | D:1      | Reached XP level 3. HP: 26/26 MP: 3/5
  1087 | D:1      | Gained mutation: You expend magic power (3 MP) to
                  | strengthen your wands. [potion of mutation]
  1087 | D:1      | Gained mutation: You are partially covered in thin metallic
                  | scales. (AC +2) [potion of mutation]
  1116 | D:2      | Found a shimmering blue altar of Sif Muna.
  1132 | D:2      | You fall into a shaft and drop 2 floors!
  1247 | D:4      | Noticed Sigmund
  1262 | D:4      | Noticed Menkaure
  2028 | D:2      | Reached XP level 4. HP: 13/33 MP: 0/7
  3154 | D:3      | Noticed an ogre
  3163 | D:3      | Demolished by an ogre

Levels and vault maps discovered:
D:1:      minmay_arrival_wavy_path, layout_basic
D:2:      layout_basic, lemuel_round_altar
D:3:      layout_basic, moated_statue
D:4:      layout_rooms, gammafunk_temple_overflow_wave, uniq_robin,
          uniq_sigmund, uniq_menkaure

Skill      XL: |  1  2  3 |
---------------+----------+-----
Fire Magic     | 4 |  4.3
Spellcasting   | 2 |  2.4
Fighting       | |  0.3
Dodging        | |  1.6
Stealth        | |  1.8
Conjurations   | |  1.8

Action                   |  1- 3 |  4- 6 || total
-------------------------+-------+-------++-------
Melee: Dagger            |    25 |     7 ||    32
 Cast: Flame Tongue      |    58 |    37 ||    95
  Use: Scroll            |     3 |       ||     3
       Potion            |     4 |       ||     4
  Eat: Ration            |     2 |     1 ||     3
Armor: Robe              |     4 |     3 ||     7
Dodge: Dodged            |    18 |    12 ||    30
Block: Buckler           |     7 |     3 ||    10

Table legend:
 A = Non-vault XP
 B = Vault XP
 C = Vault XP percentage of total XP
 D = Non-vault monster count
 E = Vault monster count
 F = Vault count percentage of total count
                 A         B        C        D         E       F
            +---------+---------+-------+---------+---------+-------
      Total |     124 |       0 |   0.0 |      48 |       0 |   0.0
            +---------+---------+-------+---------+---------+-------
        D:1 |      36 |       0 |   0.0 |      17 |       0 |   0.0
        D:2 |      58 |       0 |   0.0 |      21 |       0 |   0.0
        D:3 |      28 |       0 |   0.0 |       8 |       0 |   0.0
        D:4 |       2 |       0 |   0.0 |       2 |       0 |   0.0
            +---------+---------+-------+---------+---------+-------
